 Dungeon Crawl Stone Soup version 0.29.1-1-gd02db69 (webtiles) character file.

Game seed: 5141575207753302007

2169 satudua34 the Cleaver (level 9, -2/96 (117) HPs)
             Began as a Minotaur Fighter on Mar 26, 2023.
             Was a Believer of Okawaru.
             Slain by a wight
             ... wielding a +5 morningstar of freezing
              (9 damage)
             ... on level 7 of the Dungeon.
             The game lasted 00:28:51 (5906 turns).

satudua34 the Cleaver (Minotaur Fighter)            Turns: 5906, Time: 00:28:52

HP:   -2/96 (117)   AC: 24    Str: 25    XL:     9   Next: 11%
MP:   10/10         EV:  2    Int:  5    God:    Okawaru [**....]
Gold: 789           SH:  5    Dex: 16    Spells: 8/8 levels left

rFire   . . .      SeeInvis .   a - +0 war axe
rCold   . . .      Faith    .   c - +0 buckler
rNeg    . . .      Spirit   .   (body armour currently unavailable)
rPois   +          Reflect  .   (helmet currently unavailable)
rElec   .          Harm     .   (cloak currently unavailable)
rCorr   .          Rampage  .   (gloves currently unavailable)
Will    .....      NoTele   +   (boots currently unavailable)
Stlth   +.........              h - amulet of regeneration
HPRegen 1.06/turn               o - +6 ring of dexterity
MPRegen 0.12/turn               (no ring)

@: tree-form, heavily drained
A: stationary, stasis, torment immunity, boosted hp, (horns 2), (retaliatory
headbutt)
a: Renounce Religion, Heroism


You were on level 7 of the Dungeon.
You worshipped Okawaru.
Okawaru was pleased with you.
You were a tree.
You visited 2 branches of the dungeon, and saw 8 of its levels.

You collected 789 gold pieces.

Inventory:

Hand Weapons
 a - a +0 war axe (weapon)
 r - a +2 whip of electrocution
 t - a +2 trident of protection
 L - a +1 whip of pain
Missiles
 g - 8 boomerangs (quivered)
 p - a throwing net
 v - 4 curare-tipped darts
Armour
 c - a +0 buckler (worn)
 s - a +2 chain mail of willpower (melded)
 G - a +0 pair of gloves (melded)
Jewellery
 h - an amulet of regeneration (around neck)
 o - a +6 ring of dexterity (left branch)
Wands
 A - a wand of roots (3)
 D - a wand of paralysis (6)
 M - a wand of mindburst (3)
Scrolls
 j - a scroll of vulnerability {unknown}
 k - 2 scrolls of fear {unknown}
 l - 2 scrolls of noise {unknown}
 m - a scroll of poison {unknown}
 n - 4 scrolls of teleportation {unknown}
 q - 3 scrolls of identify {unknown}
 y - 2 scrolls of amnesia {unknown}
 B - a scroll of enchant armour {unknown}
 F - a scroll of torment {unknown}
 I - a scroll of blinking {unknown}
 J - a scroll of summoning {unknown}
Potions
 b - a potion of lignification
 d - a potion of might
 e - 2 potions of flight {unknown}
 f - a potion of magic {unknown}
 i - 5 potions of degeneration
 u - a potion of haste {unknown}
 w - a potion of curing
 x - 3 potions of heal wounds {unknown}
 z - a potion of resistance {unknown}
 C - a potion of berserk rage {unknown}
 E - a potion of cancellation {unknown}
 H - a potion of ambrosia {unknown}
 K - a potion of brilliance {unknown}


   Skills:
 + Level 6.9 Fighting
 * Level 8.8 Axes
 + Level 4.6 Throwing
 + Level 6.9 Armour
 - Level 5.1 Shields
 + Level 3.5 Invocations


You had 8 spell levels left.
You didn't know any spells.
Your spell library contained the following spells:

 Spells                   Type           Power      Damage    Failure   Level
 Blink                    Tloc           0%         N/A       71%         2
 Lesser Beckoning         Tloc           0%         N/A       90%         3
 Portal Projectile        Hex/Tloc       0%         N/A       90%         3
 Leda's Liquefaction      Hex/Erth       0%         N/A       100%        4
 Manifold Assault         Tloc           0%         N/A       100%        5
 Call Canine Familiar     Summ           Unusable   N/A       N/A         3

Dungeon Overview and Level Annotations

Branches:
Dungeon (7/15)             Temple (1/1) D:5

Altars:
Ashenzari
Cheibriados
Dithmenos
Fedhas
Gozag
Hepliaklqana
Makhleb
Nemelex Xobeh
Okawaru
Qazlal
Ru
Sif Muna
Uskayaw
Vehumet
Wu Jian
Xom
Yredelemnul
Zin
The Shining One

Annotations:
D:6 2 runed translucent doors, Crazy Yiuf


Innate Abilities, Weirdness & Mutations

You are a tree.
Your roots penetrate the ground, keeping you stationary.
You cannot be teleported.
You are immune to unholy pain and torment.
Your maximum health is greatly increased.
Your equipment is partially melded.
((You have a pair of horns on your head.))
((You reflexively headbutt those who attack you in melee.))


Message History

You barely miss the wight. You headbutt the wight.
You destroy the wight!
Okawaru accepts your kill. The wight hits you but does no damage.
The wight hits you with a +5 morningstar of freezing!
You feel drained. The wight freezes you.
The wight hits you from afar with a +1 spear.
You feel drained. The wight attacks as you move away!
The wight hits you with a +5 morningstar of freezing!
* * * LOW HITPOINT WARNING * * *
You feel drained.
* * * LOW HITPOINT WARNING * * *
The wight freezes you.
* * * LOW HITPOINT WARNING * * *
The wight attacks as you move away!
The wight hits you with a +5 morningstar of freezing.
* * * LOW HITPOINT WARNING * * *
You feel drained.
* * * LOW HITPOINT WARNING * * *
The wight freezes you.
* * * LOW HITPOINT WARNING * * *
Okay, then.
Really quaff the potion of lignification?
Uppercase [Y]es or [N]o only, please.
Really quaff the potion of lignification?
You turn into a tree.
Your +0 pair of gloves melds into your body.
Your +2 chain mail of willpower melds into your body.
You feel less strong-willed.
Your roots penetrate the ground.
The wight hits you but does no damage.
You feel better.
The wight hits you with a +5 morningstar of freezing!
* * * LOW HITPOINT WARNING * * *
The wight freezes you.
* * * LOW HITPOINT WARNING * * *
The wight hits you but does no damage.
You closely miss the wight.
The wight hits you with a +5 morningstar of freezing!
You die...

..............))....'.......#
#
..............))....#.......#
#
.....).........)....#.......#
#
....))..##....##....#.......#
#
...##)..##....##....#.......#
#
#####....#....#.<...#.......#
# #.....#....#.....#.......# #
#.....#....##....#.......#####
#.....#....##♣z..#.......'....
#.....#.....#....#.......#....
#.....#.....#z...#.......#....
#.....# ...#....#.......#....
#######+ #.##.##.#.......#####
....).#.##)##.######.......
.....zz............'.......
......#............#.......
..... #............#.......


You could see 2 wights.

Vanquished Creatures
  Grinder (D:3)
  Eustachio (D:6)
  Duvessa (D:6)
  A black bear (D:6)
  2 necrophages
  3 bullfrogs
  A gnoll sergeant (D:7)
  3 scorpions
  3 wights (D:7)
  Dowan (D:6)
  3 hounds
  2 gnoll boudas
  5 orc priests
  4 iguanas
  4 orc wizards
  A mummy (D:6)
  13 gnolls
  10 adders
  2 shadow imps
  A white imp (D:5)
  An ufetubus (D:5)
  A worm (D:2)
  27 orcs
  10 endoplasms
  A giant cockroach (D:1)
  4 hobgoblins
  6 jackals
  2 quokkas
  4 ball pythons
  4 bats
  A frilled lizard (D:3)
  7 goblins
  6 kobolds
  6 rats
142 creatures vanquished.

Vanquished Creatures (others)
  A fungus (D:1)
  5 plants (D:4)
6 creatures vanquished.

Grand Total: 148 creatures vanquished

Notes
Turn   | Place    | Note
-------+----------+-------------------------------------------
     0 | D:1      | satudua34 the Minotaur Fighter began the quest for the Orb.
     0 | D:1      | Reached XP level 1. HP: 19/19 MP: 0/0
    83 | D:1      | Reached XP level 2. HP: 27/27 MP: 1/1
   632 | D:2      | Reached skill level 3 in Axes
   695 | D:2      | Reached XP level 3. HP: 19/33 MP: 2/2
   714 | D:2      | Found a shimmering blue altar of Sif Muna.
   984 | D:2      | Found a faded altar of an unknown god.
  1204 | D:3      | Noticed Grinder
  1211 | D:3      | Paralysed by Grinder for 4 turns
  1217 | D:3      | Killed Grinder
  1218 | D:3      | Reached skill level 4 in Axes
  1218 | D:3      | Reached skill level 1 in Throwing
  1218 | D:3      | Reached XP level 4. HP: 35/41 MP: 3/3
  1218 | D:3      | Reached XP level 5. HP: 40/47 MP: 4/4
  1535 | D:3      | Reached XP level 6. HP: 53/53 MP: 5/5
  1538 | D:3      | Reached skill level 5 in Axes
  2100 | D:4      | Found an opulent altar of Gozag.
  2261 | D:4      | Reached skill level 5 in Fighting
  2263 | D:4      | Reached skill level 5 in Shields
  2291 | D:4      | Reached skill level 5 in Armour
  2337 | D:4      | Reached XP level 7. HP: 46/61 MP: 6/6
  2576 | D:4      | Found a stormy altar of Qazlal.
  2576 | D:4      | Found a hide-covered altar of Uskayaw.
  3054 | D:5      | Entered Level 5 of the Dungeon
  3139 | D:5      | Found a staircase to the Ecumenical Temple.
  3151 | Temple   | Entered the Ecumenical Temple
  3223 | Temple   | Became a worshipper of Warmaster Okawaru
  3550 | D:5      | Reached skill level 6 in Axes
  3794 | D:5      | Reached skill level 1 in Invocations
  4261 | D:5      | Reached XP level 8. HP: 69/70 MP: 8/8
  4333 | D:5      | Reached skill level 7 in Axes
  4354 | D:5      | Found a glowing golden altar of the Shining One.
  4742 | D:6      | Noticed Duvessa
  4742 | D:6      | Noticed Dowan
  4805 | D:6      | Killed Duvessa
  4805 | D:6      | Reached * piety under Okawaru
  4812 | D:6      | Killed Dowan
  4981 | D:6      | Found a runed translucent door.
  4982 | D:6      | Noticed Crazy Yiuf
  5147 | D:6      | Found a runed translucent door.
  5183 | D:6      | Found a snail-covered altar of Cheibriados.
  5213 | D:6      | Noticed Eustachio
  5225 | D:6      | Killed Eustachio
  5226 | D:6      | Reached skill level 8 in Axes
  5760 | D:7      | Reached ** piety under Okawaru
  5817 | D:7      | Reached XP level 9. HP: 78/78 MP: 10/10
  5906 | D:7      | Slain by a wight

Illustrated notes

Levels and vault maps discovered:
D:1:      dpeg_arrival_prison, layout_rooms, corner_web_ring
D:2:      layout_loops_ring, ebering_ecumenical_altar_mist, basic_altar
D:3:      layout_basic, uniq_grinder
D:4:      layout_loops_ring, nicolae_gozag_cash_rules_everything_around_me,
          amethyst_overflow_temple_binary, serial_bayou_lagoon_b
D:5:      minmay_polygon_palace, layout_basic, lemuel_tele_altar,
          minmay_temple_entry_waves
D:6:      layout_rooms, slow_altar_1, lightli_church_of_beogh,
          uniq_crazy_yiuf_cottage, uniq_duvessa, uniq_eustachio
D:7:      layout_gridville
Temple:   nicolae_temple_ecumenical_triangle

Skill      XL: |  1  2  3  4  5  6  7  8 |
---------------+-------------------------+-----
Axes           | 3 4 5 6 8 |  8.8
Armour         | 4 5 6 |  6.9
Shields        | 4 5 |  5.1
Fighting       | 4 5 6 |  6.9
Throwing       | 1 2 3 4 |  4.6
Invocations    | 1 3 |  3.5

Action                   |  1- 3 |  4- 6 |  7- 9 || total
-------------------------+-------+-------+-------++-------
Melee: War axe           |    69 |    81 |   235 ||   385
       Headbutt          |     7 |     7 |    33 ||    47
Throw: Boomerang         |     2 |       |     3 ||     5
  Use: Potion            |       |       |     4 ||     4
Armor: Scale mail        |    40 |    10 |       ||    50
       Chain mail        |       |    29 |   126 ||   155
       Skin              |       |       |    31 ||    31
Dodge: Dodged            |    36 |    24 |    75 ||   135
Block: Buckler           |    12 |    22 |    74 ||   108
